 Dungeon Crawl Stone Soup version 0.30-a0-341-g682706514a (webtiles) character file.

Game seed: 10114700607443150437

27318 funkygono the Arsonist (level 13, -6/76 HPs)
             Began as a Gargoyle Fire Elementalist on Nov 2, 2022.
             Was an Elder of Vehumet.
             Shot with an arrow by Nessos (8 damage)
             ... on level 4 of the Lair of Beasts.
             The game lasted 00:48:06 (21059 turns).

funkygono the Arsonist (GrFE)                      Turns: 21059, Time: 00:48:07

Health: -6/76      AC: 21    Str: 16    XL:     13   Next: 31%
Magic:  20/29      EV: 12    Int: 19    God:    Vehumet [****..]
Gold:   648        SH:  5    Dex: 10    Spells: 12/37 levels left

rFire   . . .      SeeInvis +    v - +2 whip (freeze)
rCold   + . .      Faith    .    b - +2 buckler
rNeg    + . .      Spirit   .    I - +1 robe {Will+}
rPois   ∞          Reflect  .    t - +1 helmet
rElec   +          Harm     .    B - +1 cloak
rCorr   .          Rampage  .    l - +1 pair of gloves
Will    +....                    A - +2 pair of boots of the Villain {rPois Str+2}
Stlth   +++.......               (no amulet)
HPRegen 0.32/turn                d - ring of see invisible
MPRegen 0.21/turn                D - ring of protection from cold

@: no status effects
A: sickness immunity, AC +9, negative energy resistance 1, electricity
resistance, torment resistance 1, petrification resistance
a: Renounce Religion


You were on level 4 of the Lair of Beasts.
You worshipped Vehumet.
Vehumet was greatly pleased with you.
You visited 3 branches of the dungeon, and saw 15 of its levels.
You also visited: Ossuary.

You collected 1008 gold pieces.
You spent 360 gold pieces at shops.

Inventory:

Hand Weapons
 e - a +0 mace of venom
 v - a +2 whip of freezing (weapon)
 x - a +1 whip of electrocution
Missiles
 c - 2 throwing nets
Armour
 a - a +2 leather armour of fire resistance
 b - a +2 buckler (worn)
 l - a +1 pair of gloves (worn)
 n - a +1 pair of boots of stealth
 t - a +1 helmet (worn)
 A - the +2 pair of boots of the Villain (worn) {rPois Str+2}
   (You found it on level 1 of the Lair of Beasts)

   Str:       It affects your strength (+2).
   rPois:     It protects you from poison.
 B - a +1 cloak (worn)
 I - a +1 robe of willpower (worn)
Magical Staves
 y - a staff of conjuration
 L - a staff of fire
Jewellery
 d - a ring of see invisible (left hand)
 D - a ring of protection from cold (right hand)
 N - an amulet of reflection
Wands
 i - a wand of digging (5)
 k - a wand of flame (70)
 q - a wand of paralysis (20)
 r - a wand of acid (18)
 w - a wand of mindburst (26)
Scrolls
 j - 2 scrolls of fog
 C - 3 scrolls of identify
 F - 3 scrolls of silence
 G - a scroll of summoning
 K - 3 scrolls of teleportation
 O - a scroll of enchant armour
Potions
 f - 3 potions of might
 g - a potion of brilliance
 h - 2 potions of resistance
 o - a potion of cancellation
 p - a potion of ambrosia
 s - 2 potions of lignification
 u - 4 potions of invisibility
 z - 5 potions of flight
 E - 3 potions of mutation
 H - 4 potions of curing
 M - a potion of magic


   Skills:
 + Level 7.3 Fighting
 + Level 3.0 Maces & Flails
 + Level 4.2 Dodging
 + Level 4.8 Stealth
 + Level 12.6 Spellcasting
 + Level 8.6 Conjurations
 + Level 1.9 Translocations
 + Level 12.8 Fire Magic
 + Level 0.2 Air Magic
 + Level 0.5 Evocations


You had 12 spell levels left.
You knew the following spells:

 Your Spells              Type           Power      Damage    Failure   Level
a - Foxfire               Conj/Fire      100%       2x1d9     1%          1
b - Scorch                Fire           100%       2d10      1%          2
c - Kindle Blastsparks    Fire/Tloc/Air  62%        2d15      1%          3
d - Flame Wave            Conj/Fire      52%        2d13      1%          4
e - Magic Dart            Conj           100%       1d8       1%          1
f - Momentum Strike       Conj/Tloc      64%        3d9       1%          2
g - Fireball              Conj/Fire      26%        3d12      1%          5
h - Olgreb's Toxic Radia  Pois           12%        N/A       19%         4
i - Mephitic Cloud        Conj/Pois/Air  23%        N/A       1%          3

Your spell library contained the following spells:

 Spells                   Type           Power      Damage    Failure   Level
 Kiss of Death            Conj/Necr      100%       2d13      1%          1
 Hailstorm                Conj/Ice       28%        3d8       1%          3
 Inner Flame              Hex/Fire       36%        N/A       1%          3
 Freeze                   Ice            48%        1d6       2%          1
 Iskenderun's Mystic Bla  Conj/Tloc      32%        2d8       2%          4
 Poisonous Vapours        Pois/Air       24%        N/A       3%          2
 Fulminant Prism          Conj/Hex       14%        3d9       3%          4
 Starburst                Conj/Fire      26%        6d8       4%          6
 Frozen Ramparts          Ice            24%        1d4       6%          3
 Summon Small Mammal      Summ           48%        N/A       8%          1
 Arcjolt                  Conj/Air       14%        1d24      10%         5
 Lightning Bolt           Conj/Air       14%        1d27      10%         5
 Gell's Gravitas          Tloc           19%        N/A       11%         3
 Lesser Beckoning         Tloc           38%        N/A       11%         3
 Teleport Other           Tloc           19%        N/A       11%         3
 Wereblood                Tmut           12%        N/A       12%         2
 Call Canine Familiar     Summ           12%        N/A       22%         3
 Confusing Touch          Hex            12%        N/A       22%         3
 Summon Guardian Golem    Hex/Summ       12%        N/A       22%         3
 Lee's Rapid Deconstruct  Erth           6%         3d6*      45%         5
 Yara's Violent Unravell  Hex/Tmut       6%         3d5       45%         5
 Dispel Undead            Necr           12%        3d9       58%         4
 Leda's Liquefaction      Hex/Erth       6%         N/A       58%         4
 Enfeeble                 Hex            6%         N/A       100%        7
 Summon Hydra             Summ           6%         N/A       100%        7
 Cigotuvi's Dreadful Rot  Necr/Pois/Air  Unusable   N/A       N/A         2
 Sublimation of Blood     Necr           Unusable   N/A       N/A         2
 Statue Form              Tmut/Erth      Unusable   N/A       N/A         6

Dungeon Overview and Level Annotations

Branches:
Dungeon (10/15)            Temple (1/1) D:4            Lair (4/5) D:9
 Shoals (0/4) Lair:2        Snake (0/4) Lair:2        Slime (0/5) Lair:4
    Orc (0/2) D:9         Ossuary (visited)

Altars:
Ashenzari
Cheibriados
Dithmenos
Elyvilon
Fedhas
Gozag
Hepliaklqana
Kikubaaqudgha
Makhleb
Nemelex Xobeh
Okawaru
Qazlal
Ru
Sif Muna
Trog
Uskayaw
Vehumet
Wu Jian
Xom
Yredelemnul
Zin
The Shining One
Jiyva

Shops:
D:3 [   D:5 !

Annotations:
D:7 3 runed translucent doors, ZodNigurash's ghost, amateur DrFE
Lair:4 Nessos


Innate Abilities, Weirdness & Mutations

You are immune to sickness and miasma.
Your stone body is resilient. (AC +9)
You are immune to poison.
You resist negative energy. (rN+)
You are resistant to electric shocks. (rElec)
You are resistant to unholy torment.
You are immune to petrification.


Message History

You feel your power returning.
Nessos casts a spell.
Nessos blinks!
Nessos shoots an arrow.
The arrow hits you but does no damage.
Your Maces & Flails skill increases to level 3!
A wave of flame ripples out!
The flame wave engulfs Nessos.
Nessos resists.
Nessos is lightly wounded.
Nessos shoots an arrow.
The arrow misses you.
Nessos mumbles some strange words.
Nessos blinks!
Casting: Flame Wave (safe; 1% risk of failure)
Confirm with . or Enter, or press ? or * to list all spells.
Flames lash Nessos.
Nessos resists.
Nessos is lightly wounded.
Nessos's fire resistance burns away.
Nessos casts a spell.
Nessos blinks!
Nessos shoots an arrow.
The arrow misses you.
Nessos shoots an arrow.
The arrow hits you!!
* * * LOW HITPOINT WARNING * * *
The arrow burns you.
* * * LOW HITPOINT WARNING * * *
Casting: Scorch (safe; 1% risk of failure)
Confirm with . or Enter, or press ? or * to list all spells.
Flames lash Nessos.
Nessos is lightly wounded.
Nessos shoots an arrow.
The arrow hits you!
* * * LOW HITPOINT WARNING * * *
The arrow burns you.
* * * LOW HITPOINT WARNING * * *
Nessos shoots an arrow.
The arrow hits you.
* * * LOW HITPOINT WARNING * * *
The arrow burns you.
* * * LOW HITPOINT WARNING * * *
You feel much better.
Nessos shoots an arrow.
The arrow hits you.
* * * LOW HITPOINT WARNING * * *
The arrow burns you.
* * * LOW HITPOINT WARNING * * *
Nessos shoots an arrow.
The arrow hits you!
* * * LOW HITPOINT WARNING * * *
The arrow burns you!
You die...

#...##...#**,,,,,,,,,,,,,,,,,,
#...#,...##P...***,+**,,,,,,,,
#..##,,..##P..#* **,*****,,,,,
##..###...##P...*##.+### *,,...
#....#....##...#*#...§.#**,,...
#...##...<#,...##*..c..**,,....
#...##....#*#c..##....,**,.Y...
##..###...###...#.#.P,,,*#Y....
#...#.....##.@..##.#*,*#......
#**#.............†###.####.......
#..#................†............
*#....##.P##P##.(##.###....P#..P#
..#..################ ##.####***#
....#,* ### #...*** _..#* .##*


You could see Nessos (fast, combustible).

Vanquished Creatures
  A minotaur (Lair:1)
  Erolcha (D:10)
  2 hydras (Lair:2)
  Harold (D:10)
  A two-headed ogre (D:10)
  4 death yaks
  Pikel (D:4)
  9 elephants
  5 black mambas
  Maggie (D:6)
  8 cane toads
  2 komodo dragons
  3 rime drakes
  2 polar bears
  A hornet (D:9)
  8 blink frogs
  A vampire (D:10)
  17 yaks
  4 wyverns
  3 steam dragons
  5 basilisks
  2 acid dragons (D:10)
  Menkaure (D:6)
  10 water moccasins
  3 ice beasts
  5 orc warriors (D:9)
  2 sky beasts
  A black bear (D:5)
  2 ogres
  3 wolves (Lair:2)
  3 lemures
  3 phantoms
  A kobold brigand (D:8)
  3 necrophages
  10 bullfrogs
  15 wights
  2 gnoll boudas
  4 jellies
  Crazy Yiuf (D:5)
  4 orc priests
  A hound (D:5)
  Jessica (D:2)
  Ijyb (D:3)
  Terence (D:3)
  4 iguanas
  11 orc wizards
  8 mummies (Ossuary)
  Robin (D:4)
  14 gnolls
  8 adders
  2 white imps
  2 ufetubi
  A worm (D:4)
  3 dart slugs
  55 orcs
  5 endoplasms
  5 giant cockroaches
  13 goblins
  16 hobgoblins
  2 jackals (D:1)
  15 kobolds
  4 quokkas
  6 ball pythons
  7 bats
  A frilled lizard (D:3)
  A gnoll zombie (Ossuary)
  2 hobgoblin zombies (Ossuary)
  A kobold zombie (Ossuary)
  4 orc zombies (Ossuary)
  10 rats
360 creatures vanquished.

Vanquished Creatures (collateral kills)
  14 foxfires
14 creatures vanquished.

Vanquished Creatures (others)
  An ice beast (D:7)
  A wight (D:7)
  1189 foxfires
  30 fungi
  67 plants
1288 creatures vanquished.

Grand Total: 1662 creatures vanquished

Notes
Turn   | Place    | Note
-------+----------+-------------------------------------------
     0 | D:1      | funkygono the Gargoyle Fire Elementalist began the quest
                  | for the Orb.
     0 | D:1      | Reached XP level 1. HP: 10/10 MP: 3/3
   448 | D:1      | Reached XP level 2. HP: 15/15 MP: 1/5
   980 | D:1      | Reached XP level 3. HP: 19/19 MP: 3/6
   983 | D:1      | Learned a level 2 spell: Scorch
   987 | D:1      | Learned a level 3 spell: Kindle Blastsparks
  1684 | D:2      | Noticed Jessica
  1689 | D:2      | Killed Jessica
  1690 | D:2      | Reached XP level 4. HP: 24/24 MP: 1/8
  2369 | D:3      | Reached XP level 5. HP: 28/28 MP: 3/9
  2510 | D:3      | Noticed Terence
  2529 | D:3      | Killed Terence
  2717 | D:3      | Found a faded altar of an unknown god.
  2717 | D:3      | Found Veogec's Antique Armour Shop.
  2881 | D:3      | Noticed Ijyb
  2889 | D:3      | Killed Ijyb
  3750 | D:3      | Bought a pair of glowing boots for 180 gold pieces
  3804 | D:4      | Noticed Pikel
  3804 | D:4      | Noticed a lemure
  3804 | D:4      | Noticed a lemure
  3806 | D:4      | Noticed a lemure
  3806 | D:4      | Noticed a lemure
  3872 | D:4      | Reached XP level 6. HP: 32/32 MP: 7/11
  3877 | D:4      | Learned a level 4 spell: Flame Wave
  4181 | D:4      | Noticed Robin
  4185 | D:4      | Killed Robin
  4842 | D:4      | Killed Pikel
  4843 | D:4      | Reached skill level 1 in Maces & Flails
  4843 | D:4      | Reached skill level 5 in Fire Magic
  4843 | D:4      | Reached XP level 7. HP: 29/37 MP: 1/14
  5069 | D:4      | Found an ornate altar of the Wu Jian Council.
  5143 | D:4      | Found a staircase to the Ecumenical Temple.
  5146 | D:4      | Reached skill level 5 in Spellcasting
  5146 | D:4      | Reached XP level 8. HP: 42/42 MP: 10/15
  5243 | Temple   | Entered the Ecumenical Temple
  5504 | D:5      | Entered Level 5 of the Dungeon
  5563 | D:5      | Reached skill level 1 in Fighting
  5786 | D:5      | Found Edaqer's Distillery.
  6182 | D:5      | Reached skill level 5 in Conjurations
  6311 | D:5      | Reached XP level 9. HP: 47/47 MP: 14/18
  6794 | D:5      | Found a runed translucent door.
  6795 | D:5      | Noticed Crazy Yiuf
  7022 | D:5      | Killed Crazy Yiuf
  7180 | D:6      | Noticed Menkaure
  7184 | D:6      | Killed Menkaure
  7247 | D:6      | Noticed Maggie
  7265 | D:6      | Killed Maggie
  7493 | D:6      | Found a sand-covered staircase.
  7498 | Ossuary  | Entered an ossuary
  8221 | D:6      | Found a burning altar of Makhleb.
  8221 | D:6      | Noticed a cacodemon
  8224 | D:6      | Noticed a smoke demon
  8224 | D:6      | Noticed a smoke demon
  8268 | D:6      | Found a broken altar of Ashenzari.
  8268 | D:6      | Found an iron altar of Okawaru.
  8268 | D:6      | Found a radiant altar of Vehumet.
  8268 | D:6      | Found a stormy altar of Qazlal.
  8274 | D:6      | Became a worshipper of Vehumet
  9204 | D:7      | Reached XP level 10. HP: 25/52 MP: 10/22
  9531 | D:7      | Reached * piety under Vehumet
  9531 | D:7      | Offered knowledge of Magic Dart by Vehumet.
  9552 | D:7      | Learned a level 1 spell: Magic Dart
  9891 | D:7      | Found a runed translucent gate.
  9892 | D:7      | Found a runed translucent gate.
  9892 | D:7      | Noticed ZodNigurash's ghost (amateur DrFE)
  9893 | D:7      | Found a runed translucent gate.
 10918 | D:8      | Offered knowledge of Momentum Strike by Vehumet.
 10925 | D:8      | Reached ** piety under Vehumet
 11180 | D:8      | Found a white marble altar of Elyvilon.
 11288 | D:8      | Found an opulent altar of Gozag.
 11288 | D:8      | Found a basalt altar of Yredelemnul.
 11288 | D:8      | Found a sparkling altar of Nemelex Xobeh.
 11347 | D:8      | Found a shimmering blue altar of Sif Muna.
 11514 | D:8      | Found a blossoming altar of Fedhas.
 11966 | D:8      | Learned a level 2 spell: Momentum Strike
 12382 | D:9      | Reached skill level 1 in Translocations
 12720 | D:9      | Offered knowledge of Dazzling Flash by Vehumet.
 12725 | D:9      | Reached XP level 11. HP: 12/57 MP: 3/24
 12897 | D:9      | Found a staircase to the Lair.
 12975 | D:9      | Found a staircase to the Orcish Mines.
 13223 | D:9      | Found a glowing silver altar of Zin.
 13259 | D:9      | Reached skill level 10 in Fire Magic
 13809 | D:3      | Bought a glowing buckler for 180 gold pieces
 13978 | D:10     | Entered Level 10 of the Dungeon
 13991 | D:10     | Reached skill level 10 in Spellcasting
 14071 | D:10     | Noticed Harold
 14085 | D:10     | Killed Harold
 14245 | D:10     | Noticed a two-headed ogre
 14256 | D:10     | Killed a two-headed ogre
 14618 | D:10     | Noticed Erolcha
 14637 | D:10     | Killed Erolcha
 15324 | D:10     | Learned a level 5 spell: Fireball
 15405 | Lair:1   | Entered Level 1 of the Lair of Beasts
 15817 | Lair:1   | Found a runed translucent door.
 15949 | Lair:1   | Noticed a minotaur
 15970 | Lair:1   | Killed a minotaur
 16127 | Lair:1   | Identified the +2 pair of boots of the Villain {rPois
                  | Str+2}
 16501 | Lair:1   | Reached *** piety under Vehumet
 16681 | Lair:1   | Reached XP level 12. HP: 30/67 MP: 13/27
 17011 | Lair:2   | Noticed a six-headed hydra
 17024 | Lair:2   | Killed a six-headed hydra
 17071 | Lair:2   | Reached skill level 5 in Fighting
 17263 | Lair:2   | Noticed a five-headed hydra
 17269 | Lair:2   | Killed a five-headed hydra
 17643 | Lair:2   | Found a staircase to the Snake Pit.
 17748 | Lair:2   | Offered knowledge of Olgreb's Toxic Radiance by Vehumet.
 18164 | Lair:2   | Identified the +11 whip "Efozew" {vamp, Contam rCorr
                  | Int+10}
 18220 | Lair:2   | Got the Anthology of the Storm
 18416 | Lair:2   | Found a staircase to the Shoals.
 18550 | Lair:2   | Learned a level 4 spell: Olgreb's Toxic Radiance
 18554 | Lair:2   | Learned a level 3 spell: Mephitic Cloud
 19806 | Lair:3   | Reached XP level 13. HP: 76/76 MP: 12/29
 20826 | Lair:4   | Reached **** piety under Vehumet
 20996 | Lair:4   | Found a viscous altar of Jiyva.
 20998 | Lair:4   | Found a staircase to the Slime Pits.
 21037 | Lair:4   | Noticed Nessos
 21059 | Lair:4   | HP: 2/76 [Nessos/arrow (15)]
 21059 | Lair:4   | Shot with an arrow by Nessos

Illustrated notes

Levels and vault maps discovered:
D:1:      dpeg_arrival_round_a, layout_loops_ring, corexii_corridor_pit,
          minmay_tetromino_t2
D:2:      layout_rooms, columned_hall_lemuel, serial_park_tiny_pond,
          st_stairs_2, kennysheep_jessica_study
D:3:      minmay_bubble_buster, layout_basic,
          hellmonk_ecumenical_altar_crossroads, serial_shops, shop_statue,
          dreamdust_princess_bridge, nrook_mini_vaults, minmay_misc_feat_x,
          uniq_terence, uniq_ijyb
D:4:      layout_rooms, marbit_many_paths, minmay_temple_entry_enclosed_plants,
          uniq_pikel, uniq_robin
D:5:      layout_basic, serial_shops, shop_fountains,
          minmay_misc_feat_diagonals, nicolae_concentric_dashed_squares_mild,
          dreamdust_gnoll_farm, uniq_crazy_yiuf_cottage
D:6:      layout_cave_pods, grunt_temple_overflow_cloverleaf,
          makhleb_altar_promises_db, enter_ossuary_5, uniq_menkaure, uniq_maggie
D:7:      layout_basic, biasface_ghost_orc_armoury, lemuel_flamethrower_2
D:8:      layout_layer_cave, mainiacjoe_overflow_alcove_1,
          gammafunk_temple_overflow_claw, overflow_temple_1_default,
          lemuel_crystal_altar
D:9:      layout_basic, zin_academy, david_lair_shrubbed, hiddenorc1_lemuel
D:10:     layout_gridville, minmay_fractal_squares_gapless_5, uniq_erolcha,
          uniq_harold
Temple:   hellmonk_temple_beads
Lair:1:   dreamdust_labyrinth, layout_cave_pods, beast_lair_carwin_11
Lair:2:   layout_regular_city, elwin_shoals_entry_rocks,
          minmay_snake_entry_six_corridors
Lair:3:   layout_regular_city, serial_rivers, chequers_serial_rivers_marsh,
          chequers_serial_rivers_marsh, chequers_serial_rivers_micro_d,
          chequers_serial_rivers_marsh, chequers_serial_rivers_room_a
Lair:4:   layout_regular_city, dpeg_slime_entry_corner, enter_volcano_2,
          uniq_nessos

Skill      XL: |  1  2  3  4  5  6  7  8  9 10 11 12 13 |
---------------+----------------------------------------+-----
Fire Magic     | 4 5 6 8 9 11 12 | 12.8
Conjurations   | 2 3 4 5 6 7 8 |  8.6
Spellcasting   | 3 4 5 6 8 9 11 12 | 12.6
Maces & Flails | 1 2 3 |  3.0
Stealth        | 3 4 |  4.8
Fighting       | 1 2 4 6 7 |  7.3
Dodging        | 2 3 4 |  4.2
Translocations | 1 |  1.9
Air Magic      | |  0.2
Evocations     | |  0.5

Action                   |  1- 3 |  4- 6 |  7- 9 | 10-12 | 13-15 || total
-------------------------+-------+-------+-------+-------+-------++-------
Melee: Mace              |     7 |       |       |       |       ||     7
       Unarmed           |     1 |       |       |       |       ||     1
       Whip              |       |    40 |     3 |   155 |     8 ||   206
       Punch             |       |       |       |     2 |       ||     2
 Cast: Foxfire           |    59 |   135 |   143 |   337 |    14 ||   688
       Scorch            |     4 |    23 |    54 |   174 |    17 ||   272
       Flame Wave        |       |       |     5 |    16 |     9 ||    30
       Kindle Blastspark |       |       |       |     9 |     1 ||    10
       Momentum Strike   |       |       |       |     1 |     1 ||     2
       Fireball          |       |       |       |    12 |    13 ||    25
Evoke: Wand              |       |     4 |     1 |     4 |       ||     9
  Use: Scroll            |     4 |     4 |     8 |    15 |     1 ||    32
       Potion            |       |     1 |     1 |     6 |     2 ||    10
 Stab: Paralysed         |       |     2 |       |       |       ||     2
Armor: Robe              |    12 |    25 |    35 |   176 |    60 ||   308
Dodge: Dodged            |    10 |    34 |    40 |   170 |    43 ||   297
Block: Buckler           |       |       |       |       |     4 ||     4

Table legend: (Time is in decaauts)
 A = Elapsed time spent in this place.
 B = Non-inter-level travel time spent in this place.
 C = Inter-level travel time spent in this place.
 D = Time resting spent in this place.
 E = Time spent auto-exploring this place.
 F = Levels seen in this place.
 G = Mean time per level.
                   A        B        C        D        E       F      G
               +--------+--------+--------+--------+--------+-----+--------+
         Total |  21080 |  20333 |    747 |   1950 |  14927 |  16 | 1317.5 |
       Dungeon |  14951 |  14265 |    686 |   1490 |  10483 |  10 | 1495.1 |
        Temple |    109 |     98 |     11 |      0 |     89 |   1 |  109.0 |
          Lair |   5664 |   5615 |     49 |    333 |   4271 |   4 | 1416.0 |
       Ossuary |    354 |    354 |      0 |    127 |     84 |   1 |  354.0 |
               +--------+--------+--------+--------+--------+-----+--------+

Top non-repeatable levels by time:
  Lair:3: 2085 daAuts
     D:3: 2030 daAuts
  Lair:2: 1817 daAuts
     D:9: 1768 daAuts
     D:7: 1685 daAuts
     D:5: 1632 daAuts
  Lair:1: 1579 daAuts
     D:8: 1507 daAuts
     D:6: 1463 daAuts
    D:10: 1375 daAuts
     D:1: 1318 daAuts
     D:4: 1317 daAuts
     D:2: 852 daAuts
 Ossuary: 354 daAuts
  Lair:4: 182 daAuts
